3AAA
MILTON BILLS @ SYLVANIA MAPLE LEAVES
06/25/2017
 
TOP OF THE 1ST
Winchester Cosmos batting - Pitching for Sylvania Maple Leaves : RHP Dave Conley
Pitching: RHP Dave Conley
Batting: RHB Alberto Ortíz 0-0: Foul Ball, location: 2F
0-1: Ball
1-1: Ball
2-1: Called Strike
2-2: Ball
3-2: Fly out, F8 (Line Drive, 8RM)
Batting: RHB Jim Unknown 0-0: Ball
1-0: Ground out 6-3 (Groundball, 6)
Batting: LHB Dave Lee 0-0: Ball
1-0: Swinging Strike
1-1: Swinging Strike
1-2: Strikes out swinging
Top of the 1st over - 0 run(s), 0 hit(s), 0 error(s), 0 left on base; Winchester 0 - Sylvania 0
BOTTOM OF THE 1ST
Sylvania Maple Leaves batting - Pitching for Winchester Cosmos : RHP Jim Unknown
Pitching: RHP Jim Unknown
Batting: SHB Jim Unknown 0-0: Ball
1-0: Ground out 4-3 (Groundball, 4)
Batting: RHB Bartolo García 0-0: Ball
1-0: Ball
2-0: SINGLE (Line Drive, 7S)
Batting: RHB Jim Unknown 0-0: Ball
1-0: Grounds into double play, 4-6-3 (Groundball, 34)
Bottom of the 1st over - 0 run(s), 1 hit(s), 0 error(s), 0 left on base; Winchester 0 - Sylvania 0
TOP OF THE 2ND
Winchester Cosmos batting - Pitching for Sylvania Maple Leaves : RHP Dave Conley
Batting: SHB Todd Cisneros 0-0: Called Strike
0-1: Ball
1-1: Swinging Strike
1-2: Ball
2-2: Strikes out looking
Batting: RHB Jim Unknown 0-0: Ball
1-0: Ball
2-0: Swinging Strike
2-1: Ball
3-1: Swinging Strike
3-2: Base on Balls
Batting: RHB Jim Unknown 0-0: Ball
1-0: Called Strike
1-1: Grounds into double play, 6-4-3 (Groundball, 6)
Top of the 2nd over - 0 run(s), 0 hit(s), 0 error(s), 0 left on base; Winchester 0 - Sylvania 0
BOTTOM OF THE 2ND
Sylvania Maple Leaves batting - Pitching for Winchester Cosmos : RHP Jim Unknown
Batting: RHB Yao-qing Ya 0-0: Ball
1-0: Foul Ball, location: 2F
1-1: Ball
2-1: Foul Ball, location: 2F
2-2: Foul Ball, location: 2F
2-2: Foul Ball, location: 2F
2-2: Foul Ball, location: 2F
2-2: Foul Ball, location: 2F
2-2: Strikes out swinging
Batting: LHB Jim Vaughan 0-0: Ball
1-0: Called Strike
1-1: SINGLE (Line Drive, 8LS)
Batting: LHB Chris Randolph 0-0: Fly out, F8 (Flyball, 8LD)
Batting: RHB José Valdéz 0-0: Ball
1-0: SINGLE (Line Drive, 56)
Jim Vaughan to second
Batting: RHB Bob MacGruder 0-0: Called Strike
0-1: Ground out U3 (Groundball, 3)
Bottom of the 2nd over - 0 run(s), 2 hit(s), 0 error(s), 2 left on base; Winchester 0 - Sylvania 0
TOP OF THE 3RD
Winchester Cosmos batting - Pitching for Sylvania Maple Leaves : RHP Dave Conley
Batting: LHB Jim Unknown 0-0: Ball
1-0: Called Strike
1-1: Ball
2-1: SINGLE (Groundball, 3)
Batting: LHB Jim Unknown 0-0: Called Strike
0-1: Fielders Choice at 2nd, 4-6 (Groundball, 34)
Batting: RHB Jim Unknown 0-0: Ball
Jim Unknown steals 2nd base
1-0: Ball
2-0: Ball
3-0: Called Strike
3-1: Called Strike
3-2: DOUBLE (Line Drive, 5D)
Jim Unknown scores
Batting: RHB Alberto Ortíz 0-0: Ball
1-0: Ball
2-0: Called Strike
2-1: Foul Ball, location: 2F
2-2: Strikes out swinging
Batting: RHB Jim Unknown 0-0: Ball
1-0: Ball
2-0: Ball
3-0: Base on Balls
Batting: LHB Dave Lee 0-0: Ball
1-0: Ball
2-0: Called Strike
2-1: Ball
3-1: Fielders Choice at 2nd, U4 (Groundball, 4M)
Top of the 3rd over - 1 run(s), 2 hit(s), 0 error(s), 2 left on base; Winchester 1 - Sylvania 0
BOTTOM OF THE 3RD
Sylvania Maple Leaves batting - Pitching for Winchester Cosmos : RHP Jim Unknown
Batting: LHB Jim Unknown 0-0: Called Strike
0-1: Ball
1-1: Ball
2-1: Ball
3-1: SINGLE (Groundball, 6MD)
Batting: SHB Jim Unknown 0-0: Ball
1-0: Ball
2-0: Swinging Strike
2-1: Ball
3-1: Called Strike
3-2: Strikes out swinging
Batting: RHB Bartolo García 0-0: Ball
1-0: Foul Ball, location: 2F
1-1: Fly out, F6 (Popup, 4M)
Batting: RHB Jim Unknown 0-0: Ball
Jim Unknown steals 2nd base
1-0: Ground out 4-3 (Groundball, 4M)
Bottom of the 3rd over - 0 run(s), 1 hit(s), 0 error(s), 1 left on base; Winchester 1 - Sylvania 0
TOP OF THE 4TH
Winchester Cosmos batting - Pitching for Sylvania Maple Leaves : RHP Dave Conley
Batting: SHB Todd Cisneros 0-0: Ball
1-0: Foul Ball, location: 2F
1-1: Ball
2-1: Ball
3-1: DOUBLE (Line Drive, 9LM)
Batting: RHB Jim Unknown 0-0: Ball
1-0: Foul Ball, location: 2F
1-1: DOUBLE (Line Drive, 78M)
Todd Cisneros scores
Batting: RHB Jim Unknown 0-0: Ball
1-0: Called Strike
1-1: SINGLE (Groundball, 5D)
Jim Unknown to third
Batting: LHB Jim Unknown 0-0: Ball
1-0: Ball
2-0: Called Strike
2-1: Foul Ball, location: 2F
2-2: Strikes out swinging
Batting: LHB Jim Unknown 0-0: Called Strike
0-1: Called Strike
0-2: Grounds into double play, 4-6-3 (Groundball, 4)
Top of the 4th over - 1 run(s), 3 hit(s), 0 error(s), 1 left on base; Winchester 2 - Sylvania 0
BOTTOM OF THE 4TH
Sylvania Maple Leaves batting - Pitching for Winchester Cosmos : RHP Jim Unknown
Batting: RHB Yao-qing Ya 0-0: SINGLE (Flyball, 9LS)
Batting: LHB Jim Vaughan 0-0: Called Strike
0-1: Swinging Strike
0-2: Foul Ball, location: 2F
0-2: Ball
1-2: Ball
2-2: Ball
3-2: Foul Ball, location: 2F
3-2: Base on Balls
Yao-qing Ya to second
Batting: LHB Chris Randolph 0-0: Ball
1-0: Fly out, F7 (Flyball, 78M)
Batting: RHB José Valdéz 0-0: Foul Ball, location: 2F
0-1: Fly out, F3 (Popup, 3SF)
Batting: RHB Bob MacGruder 0-0: Called Strike
0-1: Foul Ball, location: 2F
0-2: Foul Ball, location: 2F
0-2: Ball
1-2: Strikes out looking
Bottom of the 4th over - 0 run(s), 1 hit(s), 0 error(s), 2 left on base; Winchester 2 - Sylvania 0
TOP OF THE 5TH
Winchester Cosmos batting - Pitching for Sylvania Maple Leaves : RHP Dave Conley
Batting: RHB Jim Unknown 0-0: Ball
1-0: Ball
2-0: Called Strike
2-1: Ball
3-1: Foul Ball, location: 2F
3-2: Foul Ball, location: 2F
3-2: Strikes out looking
Batting: RHB Alberto Ortíz 0-0: Called Strike
0-1: Ball
1-1: Ground out 4-3 (Groundball, 4M)
Batting: RHB Jim Unknown 0-0: Foul Ball, location: 2F
0-1: Foul Ball, location: 2F
0-2: Ball
1-2: Foul Ball, location: 2F
1-2: Ball
2-2: Foul Ball, location: 2F
2-2: SINGLE (Line Drive, 9LS)
Batting: LHB Dave Lee 0-0: Called Strike
0-1: Swinging Strike
0-2: Strikes out swinging
Top of the 5th over - 0 run(s), 1 hit(s), 0 error(s), 1 left on base; Winchester 2 - Sylvania 0
BOTTOM OF THE 5TH
Sylvania Maple Leaves batting - Pitching for Winchester Cosmos : RHP Jim Unknown
Batting: LHB Jim Unknown 0-0: Ball
1-0: Ball
2-0: Swinging Strike
2-1: SINGLE (Groundball, 34D)
Batting: SHB Jim Unknown 0-0: Ball
1-0: Called Strike
1-1: Fly out, F9 (Flyball, 89M)
Batting: RHB Bartolo García 0-0: Ball
1-0: Ball
2-0: Called Strike
2-1: Ball
3-1: Foul Ball, location: 2F
3-2: Foul Ball, location: 2F
3-2: Foul Ball, location: 2F
3-2: Strikes out looking
Batting: RHB Jim Unknown 0-0: Swinging Strike
0-1: Ball
1-1: Ball
Throwing error on steal attempt, E2
Jim Unknown to third
2-1: Swinging Strike
2-2: Strikes out swinging
Bottom of the 5th over - 0 run(s), 1 hit(s), 1 error(s), 1 left on base; Winchester 2 - Sylvania 0
TOP OF THE 6TH
Winchester Cosmos batting - Pitching for Sylvania Maple Leaves : RHP Dave Conley
Batting: SHB Todd Cisneros 0-0: Called Strike
0-1: Swinging Strike
0-2: Ball
1-2: Strikes out swinging
Batting: RHB Jim Unknown 0-0: Ball
1-0: DOUBLE (Line Drive, 7LS)
Batting: RHB Jim Unknown 0-0: Called Strike
0-1: Ground out 5-3 (Groundball, 56)
Batting: LHB Jim Unknown 0-0: SINGLE (Line Drive, 7LS)
Jim Unknown to third
Runner from 3rd tries for Home, SAFE, no throw or cutoff
Batting: LHB Jim Unknown 0-0: Ball
1-0: Called Strike
1-1: Swinging Strike
1-2: Foul Ball, location: 2F
1-2: Foul Ball, location: 2F
1-2: Ball
2-2: Ball
3-2: Foul Ball, location: 2F
3-2: Fly out, F8 (Flyball, 8RM)
Top of the 6th over - 1 run(s), 2 hit(s), 0 error(s), 1 left on base; Winchester 3 - Sylvania 0
BOTTOM OF THE 6TH
Sylvania Maple Leaves batting - Pitching for Winchester Cosmos : RHP Jim Unknown
Batting: RHB Yao-qing Ya 0-0: Ball
1-0: Ball
2-0: Ball
3-0: Base on Balls
Batting: LHB Jim Vaughan 0-0: Swinging Strike
0-1: Foul Ball, location: 2F
0-2: Ball
1-2: SINGLE (Flyball, 89S)
Yao-qing Ya to second
Batting: LHB Chris Randolph 0-0: Foul Ball, location: 2F
0-1: SINGLE (Groundball, 4MD)
Yao-qing Ya to third
Jim Vaughan to second
Batting: RHB José Valdéz 0-0: Ball
1-0: Foul Ball, location: 2F
1-1: SINGLE (Flyball, 8LS)
Yao-qing Ya scores
Jim Vaughan to third
Chris Randolph to second
Batting: RHB Bob MacGruder 0-0: Ball
1-0: Grounds into double play, 6-4-3 (Groundball, 56D)
Jim Vaughan scores
Chris Randolph to third
Batting: LHB Jim Unknown 0-0: Called Strike
0-1: Foul Ball, location: 2F
0-2: Foul Ball, location: 2F
0-2: Ball
1-2: Foul Ball, location: 2F
1-2: Ball
2-2: Foul Ball, location: 2F
2-2: SINGLE (Line Drive, 4MD)
Chris Randolph scores
Pitching: RHP Armanno Salutari
Batting: SHB Jim Unknown 0-0: Called Strike
0-1: Ball
1-1: Reached on error, E3 (Groundball, 34)
Jim Unknown to second
Batting: RHB Bartolo García 0-0: Ball
1-0: Foul Ball, location: 2F
1-1: Ball
2-1: Ball
3-1: Ground out 6-3 (Groundball, 6)
Bottom of the 6th over - 3 run(s), 4 hit(s), 1 error(s), 2 left on base; Winchester 3 - Sylvania 3
TOP OF THE 7TH
Winchester Cosmos batting - Pitching for Sylvania Maple Leaves : RHP Dave Conley
Batting: RHB Jim Unknown 0-0: Called Strike
0-1: Foul Ball, location: 2F
0-2: SINGLE (Line Drive, 8LS)
Pinch Hitting: RHB Rômulo Caho 0-0: Ball
Jim Unknown is caught stealing 2nd base
1-0: Foul Ball, location: 2F
1-1: Swinging Strike
1-2: Fly out, F7 (Flyball, 7S)
Batting: RHB Jim Unknown 0-0: Swinging Strike
0-1: Called Strike
0-2: Strikes out swinging
Top of the 7th over - 0 run(s), 1 hit(s), 0 error(s), 0 left on base; Winchester 3 - Sylvania 3
BOTTOM OF THE 7TH
Sylvania Maple Leaves batting - Pitching for Winchester Cosmos : RHP Armanno Salutari
Now at SS: Jim Unknown
Batting: RHB Jim Unknown 0-0: Ball
1-0: Ball
2-0: Ball
3-0: Called Strike
3-1: Called Strike
3-2: Base on Balls
Batting: RHB Yao-qing Ya 0-0: Swinging Strike
0-1: SINGLE (Line Drive, 8LS)
Jim Unknown to second
Batting: LHB Jim Vaughan 0-0: Ball
1-0: Ball
2-0: Ball
3-0: Base on Balls
Jim Unknown to third
Yao-qing Ya to second
Batting: LHB Chris Randolph 0-0: Ball
1-0: Fly out, F7 (Flyball, 7M)
Runner from 3rd tags up, SCORES, throw made
Batting: RHB José Valdéz 0-0: Grounds into double play, U4-3 (Groundball, 4M)
Bottom of the 7th over - 1 run(s), 1 hit(s), 0 error(s), 1 left on base; Winchester 3 - Sylvania 4
TOP OF THE 8TH
Winchester Cosmos batting - Pitching for Sylvania Maple Leaves : RHP Dave Conley
Pitching: RHP Jim Unknown
Batting: LHB Dave Lee 0-0: Fly out, F4 (Flyball, 89S)
Batting: SHB Todd Cisneros 0-0: Ball
1-0: SINGLE (Line Drive, 8LS)
Batting: RHB Jim Unknown 0-0: Ball
1-0: Called Strike
1-1: SINGLE (Groundball, 56D)
Todd Cisneros to second
Batting: RHB Jim Unknown 0-0: Swinging Strike
0-1: Ball
1-1: Fly out, F8 (Flyball, 8LXD)
Runner from 2nd tags up, SAFE at 3rd, no throw
Batting: LHB Jim Unknown 0-0: Foul Ball, location: 2F
0-1: Ground out 4-3 (Groundball, 4)
Top of the 8th over - 0 run(s), 2 hit(s), 0 error(s), 2 left on base; Winchester 3 - Sylvania 4
BOTTOM OF THE 8TH
Sylvania Maple Leaves batting - Pitching for Winchester Cosmos : RHP Armanno Salutari
Batting: RHB Bob MacGruder 0-0: Ball
1-0: Called Strike
1-1: Called Strike
1-2: Strikes out looking
Batting: LHB Jim Unknown 0-0: Called Strike
0-1: Ground out U3 (Groundball, 3L)
Batting: SHB Jim Unknown 0-0: Ball
1-0: Ball
2-0: Ball
3-0: Called Strike
3-1: Ground out 4-3 (Groundball, 4)
Bottom of the 8th over - 0 run(s), 0 hit(s), 0 error(s), 0 left on base; Winchester 3 - Sylvania 4
TOP OF THE 9TH
Winchester Cosmos batting - Pitching for Sylvania Maple Leaves : RHP Jim Unknown
Batting: LHB Jim Unknown 0-0: Foul Ball, location: 2F
0-1: Swinging Strike
0-2: Strikes out swinging
Batting: RHB Jim Unknown 0-0: Foul Ball, location: 2F
0-1: Ball
1-1: Foul Ball, location: 2F
1-2: Ball
2-2: Ball
3-2: Base on Balls
Pinch Hitting: RHB Jim Unknown 0-0: Called Strike
0-1: Fly out, F8 (Flyball, 8LM)
Batting: RHB Jim Unknown 0-0: Called Strike
0-1: Ball
1-1: Called Strike
1-2: Foul Ball, location: 2F
1-2: Strikes out swinging
Top of the 9th over - 0 run(s), 0 hit(s), 0 error(s), 1 left on base; Winchester 3 - Sylvania 4
This league is powered by Out of the Park Baseball, the baseball management simulation game for PC, Mac and Linux
Saturday, February 27th, 2021 - OOTP Baseball 15.6 Build 34